 Dungeon Crawl Stone Soup version 0.31-a0-167-g1c394c0614 (webtiles) character file.

Game seed: 10855759435962518514

17903 Dittersdorf the Blocker (level 12, -11/80 HPs)
             Began as a Gargoyle Fighter on June 14, 2023.
             Was a High Priest of Okawaru.
             Blown up by an orb spider (46 damage)
             ... with an orb of destruction
             ... on level 2 of the Lair of Beasts.
             The game lasted 00:17:00 (12220 turns).

Dittersdorf the Blocker (Gargoyle Fighter)         Turns: 12220, Time: 00:17:01

Health: -11/80     AC: 28    Str: 28    XL:     12   Next: 52%
Magic:  12/12      EV:  6    Int: 16    God:    Okawaru [*****.]
Gold:   398        SH: 16    Dex: 12    Spells: 11/11 levels left

rFire   + + .        E - +6 morningstar "Beec" {freeze, Str+4 Dex+3}
rCold   + . .        g - +0 tower shield {reflect}
rNeg    + . .        w - +0 plate armour
rPois   ∞            j - +1 helmet
rElec   +            B - scarf {rC+ rF+}
rCorr   .            A - +0 pair of gloves
SInv    .            (no boots)
Will    .....        n - amulet of magic regeneration Stlth
                     b - ring of protection from fire
HPRegen 0.33/turn    c - +6 ring of intelligence
MPRegen 0.53/turn

%: reflection
@: no status effects
A: sickness immunity, AC +8, negative energy resistance 1, electricity
resistance, torment resistance 1, petrification resistance
a: Renounce Religion, Heroism, Finesse, Duel


You were on level 2 of the Lair of Beasts.
You worshipped Okawaru.
Okawaru was extremely pleased with you.
You visited 3 branches of the dungeon, and saw 13 of its levels.

You collected 738 gold pieces.
You spent 340 gold pieces at shops.

Inventory:

Hand Weapons
 E - the +6 morningstar "Beec" (weapon) {freeze, Str+4 Dex+3}
   (Okawaru gifted it to you on level 10 of the Dungeon)

   Str:       It affects your strength (+4).
   Dex:       It affects your dexterity (+3).
Missiles
 x - 12 poisoned darts (quivered)
Armour
 g - a +0 tower shield of reflection (worn)
 j - a +1 helmet (worn)
 w - a +0 plate armour (worn)
 y - the +2 chain mail "Lyeghel" {-Tele rPois rC+ Int+3 Dex+3}
   (You bought it in a shop on level 2 of the Dungeon)

   Int:       It affects your intelligence (+3).
   Dex:       It affects your dexterity (+3).
   rC:        It protects you from cold.
   rPois:     It protects you from poison.
   -Tele:     It prevents most forms of teleportation.
 A - a +0 pair of gloves (worn)
 B - a scarf of resistance (worn)
Jewellery
 b - a ring of protection from fire (left hand)
 c - a +6 ring of intelligence (right hand)
 n - an amulet of magic regeneration (around neck)
 F - an amulet of reflection
Wands
 a - a wand of iceblast (25)
 G - a wand of quicksilver (7)
 I - a wand of flame (8)
Scrolls
 f - 4 scrolls of revelation
 h - 3 scrolls of silence {unknown}
 k - a scroll of vulnerability {unknown}
 l - 4 scrolls of teleportation {unknown}
 m - 3 scrolls of amnesia {unknown}
 q - 3 scrolls of fog {unknown}
 r - 3 scrolls of fear {unknown}
 s - 2 scrolls of brand weapon {unknown}
 t - a scroll of acquirement {unknown}
 z - a scroll of poison {unknown}
 C - a scroll of enchant weapon
 H - a scroll of immolation {unknown}
Potions
 d - a potion of might
 e - 4 potions of heal wounds
 i - 5 potions of curing
 o - a potion of enlightenment
 p - 3 potions of haste
 u - a potion of resistance
 v - 2 potions of invisibility
 D - a potion of ambrosia
 J - a potion of brilliance {unknown}


   Skills:
 + Level 11.6 Fighting
 + Level 10.5 Maces & Flails
 + Level 11.6 Armour
 + Level 11.7 Shields


You had 11 spell levels left.
You didn't know any spells.
Your spell library contained the following spells:

 Spells                   Type           Power      Damage    Failure   Level
 Apportation              Tloc           0%         N/A       99%         1
 Freeze                   Ice            0%         1d3       99%         1
 Necrotise                Necr           0%         1d4       99%         1
 Frozen Ramparts          Ice            0%         1d1       100%        3
 Hailstorm                Conj/Ice       0%         3d3       100%        3
 Inner Flame              Hex/Fire       0%         N/A       100%        3
 Anguish                  Hex/Necr       0%         N/A       100%        4
 Cause Fear               Hex            0%         N/A       100%        4
 Flame Wave               Conj/Fire      0%         2d4       100%        4
 Petrify                  Tmut/Erth      0%         N/A       100%        4
 Sticky Flame             Conj/Fire      0%         2d3       100%        4
 Metabolic Englaciation   Hex/Ice        0%         N/A       100%        5
 Enfeeble                 Hex            0%         N/A       100%        7
 Summon Small Mammal      Summ           Unusable   N/A       N/A         1
 Statue Form              Tmut/Erth      Unusable   N/A       N/A         6

Dungeon Overview and Level Annotations

Branches:
Dungeon (10/15)            Temple (1/1) D:5            Lair (2/5) D:8
 Spider (0/4) Lair:2
  Swamp: Lair:2-3    Shoals: Lair:2-3       Orc: D:9-12

Altars:
Ashenzari
Cheibriados
Dithmenos
Elyvilon
Fedhas
Gozag
Hepliaklqana
Kikubaaqudgha
Makhleb
Nemelex Xobeh
Okawaru
Qazlal
Ru
Sif Muna
Trog
Uskayaw
Vehumet
Wu Jian
Xom
Yredelemnul
Zin
The Shining One
Ignis

Shops:
D:2 [   D:3 *   D:7 *   D:10 ![(=[


Innate Abilities, Weirdness & Mutations

You are immune to sickness and miasma.
Your stone body is resilient. (AC +8)
You are immune to poison.
You resist negative energy. (rN+)
You are resistant to electric shocks. (rElec)
You are resistant to unholy torment.
You are immune to petrification.


Message History

No target in view!
No target in view!
No target in view!
No target in view!
No target in view!
No target in view!
No target in view!
No target in view!
No target in view!
No target in view!
No target in view!
Found a scimitar.
An orb spider comes into view.
Found a hole to the Spider Nest.
The orb spider's many legs skitter faintly.
No reachable target in view!
You start waiting.
Done waiting.
The orb spider's many legs skitter faintly.
The orb spider spins a strand of pure energy.
You start waiting.
Done waiting.
The orb spider's many legs skitter faintly.
The orb spider weaves a glowing orb of energy.
An orb of destruction comes into view.
You are caught in the web!
The orb of destruction hits you!!!
Ouch! That really hurt!
The orb spider spins a strand of pure energy.
There is a web here.
You disentangle yourself.
Why would you want to do that?
You are caught in the web!
The orb spider weaves a glowing orb of energy.
An orb of destruction comes into view.
There is a web here.
You disentangle yourself.
The orb spider begins to weave its threads into a brightly glowing ball.
The orb of destruction hits you!!!
Ouch! That really hurt!
You die...

#.....'...#..#.....##..
.....#......^....######
#######....##..###..^.##
## ###P...###^...^...^.
.###.#....####...#≈≈≈+##
..........##^..##.≈≈^s.#
..........###.^.#^.○○>#
..........##.....○○≈^.#
..........###.##@.≈≈≈+#
...........#^^......^^.#
#..####....##..#####.###
##..###.....##..)# ##
##.###.....#.....#
##..###.....##....+
....# #....###...##
....# #.....##....+
#...# #....###...##


You could see an orb spider (charged).

Vanquished Creatures
  2 two-headed ogres (D:9)
  3 death yaks (Lair:2)
  Maurice (D:8)
  6 cane toads
  Joseph (Lair:1)
  2 komodo dragons
  A troll (D:9)
  4 blink frogs (Lair:1)
  3 wyverns
  A shadow (D:9)
  26 yaks
  2 basilisks (Lair:1)
  Eustachio (D:6)
  3 steam dragons (D:8)
  9 water moccasins
  5 ice beasts
  An orc warrior (D:7)
  A sky beast (D:6)
  An ogre (D:4)
  9 centaurs
  9 wolves (Lair:1)
  Blork the orc (D:6)
  A kobold brigand (D:9)
  6 bullfrogs
  A scorpion (D:7)
  2 gnoll sergeants
  14 wights
  A killer bee (D:8)
  8 electric eels (D:10)
  4 howler monkeys (D:8)
  2 jellies (D:6)
  3 hounds
  4 orc priests
  4 iguanas
  3 sleepcaps
  Terence (D:2)
  10 orc wizards
  8 gnolls
  13 adders
  A shadow imp (D:6)
  A white imp (D:6)
  2 worms
  2 dart slugs
  41 orcs
  9 endoplasms
  5 giant cockroaches
  5 goblins
  3 hobgoblins
  3 jackals (D:5)
  4 quokkas
  10 ball pythons
  6 bats
  2 frilled lizards
  13 kobolds
  4 rats
288 creatures vanquished.

Vanquished Creatures (others)
  A kobold (D:10)
1 creature vanquished.

Grand Total: 289 creatures vanquished

Notes
Turn   | Place    | Note
-------+----------+-------------------------------------------
     0 | D:1      | Dittersdorf the Gargoyle Fighter began the quest for the
                  | Orb.
     0 | D:1      | Reached XP level 1. HP: 14/14 MP: 1/1
   269 | D:1      | Reached XP level 2. HP: 13/19 MP: 2/2
   918 | D:2      | Noticed Terence
   922 | D:2      | Killed Terence
   923 | D:2      | Reached XP level 3. HP: 23/24 MP: 3/3
  1014 | D:2      | Reached XP level 4. HP: 29/29 MP: 4/4
  1496 | D:2      | Reached XP level 5. HP: 33/33 MP: 5/5
  1777 | D:2      | Found Funtoogg's Antique Armour Shop.
  1931 | D:3      | Found Doimukopn's General Store.
  2475 | D:4      | Noticed an ogre
  2481 | D:4      | Killed an ogre
  2482 | D:4      | Reached XP level 6. HP: 39/39 MP: 6/6
  2895 | D:4      | Reached skill level 5 in Shields
  2948 | D:4      | Found a hazy altar of Hepliaklqana.
  2955 | D:4      | Reached skill level 5 in Armour
  2958 | D:4      | Found a bloodstained altar of Trog.
  2972 | D:4      | Found a snail-covered altar of Cheibriados.
  2975 | D:4      | Found a glowing golden altar of the Shining One.
  3033 | D:4      | Reached skill level 5 in Fighting
  3033 | D:4      | Reached XP level 7. HP: 44/44 MP: 7/7
  3397 | D:4      | Found a glowing silver altar of Zin.
  3554 | D:5      | Entered Level 5 of the Dungeon
  3721 | D:2      | Bought an encrusted chain mail for 247 gold pieces
  3721 | D:2      | Identified the +2 chain mail "Lyeghel" {-Tele rPois rC+
                  | Int+3 Dex+3} (You bought it in a shop on level 2 of the
                  | Dungeon)
  4196 | D:4      | Reached XP level 8. HP: 46/51 MP: 8/8
  4275 | D:5      | Reached skill level 5 in Maces & Flails
  4390 | D:5      | Found a staircase to the Ecumenical Temple.
  4399 | Temple   | Entered the Ecumenical Temple
  4481 | Temple   | Became a worshipper of Warmaster Okawaru
  4768 | D:6      | Reached * piety under Okawaru
  4805 | D:6      | Found a broken altar of Ashenzari.
  4858 | D:6      | Noticed Eustachio
  4859 | D:6      | Found a white marble altar of Elyvilon.
  4868 | D:6      | Killed Eustachio
  4875 | D:6      | Reached XP level 9. HP: 13/56 MP: 9/9
  5027 | D:6      | Found an opulent altar of Gozag.
  5089 | D:6      | Noticed Blork the orc
  5099 | D:6      | Killed Blork the orc
  5721 | D:7      | Found Wouxakhu's Assorted Antiques.
  5820 | D:7      | Reached ** piety under Okawaru
  6987 | D:8      | Found a staircase to the Lair.
  7158 | D:8      | Reached *** piety under Okawaru
  7165 | D:8      | Noticed Maurice
  7178 | D:8      | Killed Maurice
  7179 | D:8      | Reached XP level 10. HP: 61/64 MP: 10/10
  7262 | D:8      | Reached **** piety under Okawaru
  7830 | D:9      | Noticed a two-headed ogre
  7839 | D:9      | Killed a two-headed ogre
  8234 | D:9      | Noticed a two-headed ogre
  8250 | D:9      | Killed a two-headed ogre
  8568 | D:9      | Reached XP level 11. HP: 58/71 MP: 11/11
  8661 | D:9      | Reached ***** piety under Okawaru
  8964 | D:9      | Found a sacrificial altar of Ru.
  9041 | D:10     | Entered Level 10 of the Dungeon
  9048 | D:10     | Found Topoxku's Weapon Boutique.
  9214 | D:9      | Reached skill level 10 in Armour
  9214 | D:9      | Reached skill level 10 in Shields
  9348 | D:10     | Reached skill level 10 in Fighting
  9351 | D:10     | Identified the +6 morningstar "Beec" {freeze, Str+4 Dex+3}
                  | (Okawaru gifted it to you on level 10 of the Dungeon)
  9351 | D:10     | Received a gift from Okawaru
  9470 | D:10     | Found Picluvy's Antique Armour Shop.
  9530 | D:10     | Found Gystepoi's Armour Emporium.
  9538 | D:10     | Bought a +0 tower shield of reflection for 93 gold pieces
  9825 | D:10     | Found a shadowy altar of Dithmenos.
  9841 | D:10     | Found Plog's Distillery.
  9891 | D:10     | Found Miemmak's Jewellery Shoppe.
 10520 | Lair:1   | Entered Level 1 of the Lair of Beasts
 10623 | Lair:1   | Noticed Joseph
 10670 | Lair:1   | Killed Joseph
 10670 | Lair:1   | Received a gift from Okawaru
 11147 | Lair:1   | Reached XP level 12. HP: 79/79 MP: 12/12
 11530 | Lair:1   | Reached skill level 10 in Maces & Flails
 11755 | Lair:2   | Noticed a death yak
 11767 | Lair:2   | Noticed a death yak
 11769 | Lair:2   | Noticed a death yak
 11783 | Lair:2   | Killed a death yak
 11788 | Lair:2   | Killed a death yak
 11799 | Lair:2   | Killed a death yak
 12006 | Lair:2   | Found a hole to the Spider Nest.
 12220 | Lair:2   | Blown up by an orb spider

Illustrated notes

Levels and vault maps discovered:
D:1:      dpeg_arrival_ternary, layout_basic, chequers_serial_rivers_micro_d
D:2:      layout_loops_corners, serial_shops, nicolae_diamond_shop,
          kennysheep_generic_room_7, uniq_terence
D:3:      layout_rooms, serial_shops, shop, minmay_circle_x
D:4:      cheibrodos_pilgrimage, layout_loops_ring, zin_scriptorium,
          grunt_temple_overflow_cloverleaf
D:5:      layout_cave_pools, minmay_temple_entry_antechambers
D:6:      layout_rooms, ashenzari_conservatory_becter, nicolae_overflow_squiral,
          nicolae_concentric_dashed_squares_mild, hangedman_decor_growths,
          uniq_eustachio, uniq_blork_the_orc
D:7:      layout_basic, serial_shops, nicolae_shop_trees, lightli_orcish_oven
D:8:      layout_basic, lair_entry_dummy, nrook_loot_triangle,
          minmay_fractal_squares_diagonal_5, uniq_maurice
D:9:      layout_roguey, mainiacjoe_overflow_paths
D:10:     layout_long_grid, nicolae_dithmenos_through_a_glass_darkly,
          serial_shops, nicolae_shop_window_shopping, shop, shop,
          nicolae_shop_advertising_works [nicolae_subvault_shop_adworks],
          nicolae_inconvenience_store, kennysheep_boxes
Temple:   ebering_untended_altars
Lair:1:   layout_roguey, small_statue_intersection, infiniplex_staircase_pool,
          uniq_joseph
Lair:2:   layout_regular_city, minmay_shoals_entry_hut,
          nicolae_spider_entry_orb_guardian

Skill      XL: |  1  2  3  4  5  6  7  8  9 10 11 12 |
---------------+-------------------------------------+-----
Armour         | 4 5 6 8 9 11 | 11.6
Shields        | 4 5 7 8 9 11 | 11.7
Fighting       | 4 5 6 8 9 10 11 | 11.6
Maces & Flails | 3 4 5 7 8 9 10 | 10.5

Action                     |  1- 3 |  4- 6 |  7- 9 | 10-12 || total
---------------------------+-------+-------+-------+-------++-------
  Melee: Flail             |    61 |   181 |   340 |   270 ||   852
         Morningstar       |       |       |       |   247 ||   247
  Throw: Dart              |       |     1 |     3 |     3 ||     7
 Invoke: Heroism           |       |       |       |     3 ||     3
    Use: Scroll            |       |     4 |     3 |     3 ||    10
 Armour: Scale mail        |    16 |   118 |    46 |       ||   180
         Chain mail        |       |       |   255 |   205 ||   460
         Plate armour      |       |       |       |   112 ||   112
  Dodge: Dodged            |    30 |    76 |   196 |   145 ||   447
  Block: Buckler           |     9 |    36 |   123 |   102 ||   270
         Tower shield      |       |       |       |   182 ||   182
         Reflection        |       |       |       |     1 ||     1

Table legend: (Time is in decaauts)
 A = Elapsed time spent in this place.
 B = Non-inter-level travel time spent in this place.
 C = Inter-level travel time spent in this place.
 D = Time resting spent in this place.
 E = Time spent auto-exploring this place.
 F = Levels seen in this place.
 G = Mean time per level.
                   A        B        C        D        E       F      G
               +--------+--------+--------+--------+--------+-----+--------+
         Total |  12390 |  11838 |    552 |   2152 |   7293 |  13 |  953.1 |
       Dungeon |  10565 |  10054 |    511 |   1730 |   6310 |  10 | 1056.5 |
        Temple |     94 |     63 |     31 |      0 |     46 |   1 |   94.0 |
          Lair |   1730 |   1720 |     10 |    422 |    937 |   2 |  865.0 |
               +--------+--------+--------+--------+--------+-----+--------+

Top non-repeatable levels by time:
     D:4: 1518 daAuts
     D:7: 1438 daAuts
     D:9: 1318 daAuts
    D:10: 1209 daAuts
  Lair:1: 1175 daAuts
     D:8: 1167 daAuts
     D:2: 1098 daAuts
     D:1: 932 daAuts
     D:6: 733 daAuts
     D:5: 610 daAuts
  Lair:2: 554 daAuts
     D:3: 538 daAuts
  Temple: 94 daAuts
